 Dungeon Crawl Stone Soup version 0.32-a0-938-g40ac7a0 (webtiles) character file.

Game seed: 11888499774215617087

711 Dorkslayer the Ruffian (level 7, -4/64 (66) HPs)
             Began as an Oni Shapeshifter on Apr 17, 2024.
             Slain by a gnoll sergeant
             ... wielding a +0 trident of flaming
              (5 damage)
             ... on level 5 of the Dungeon.
             The game lasted 00:08:53 (4130 turns).

Dorkslayer the Ruffian (Oni Shapeshifter)           Turns: 4130, Time: 00:08:53

HP:   -4/64 (66)    AC:  3    Str: 21    XL:     7   Next: 68%
MP:   7/7           EV: 14    Int: 11    God:
Gold: 163           SH:  0    Dex:  8    Spells: 6/6 levels left

rFire   . . .        h - +1 glaive (flame)
rCold   . . .        (shield currently unavailable)
rNeg    . . .        a - +0 animal skin
rPois   .            (helmet currently unavailable)
rElec   .            (cloak currently unavailable)
rCorr   .            (gloves unavailable)
SInv    .            (boots unavailable)
Will    .....        (no amulet)
Stlth   +            j - +5 ring of evasion
HPRegen 0.30/turn    (no ring)
MPRegen 0.10/turn

%: no passive effects
@: beast-form, lightly drained
A: beast (slay +2), large, unfitting armour, horns 1, tough skin 1, double
potion healing, drunken brawling
a: Begin Untransformation


You were on level 5 of the Dungeon.
You were a hulking beast.
You visited 1 branch of the dungeon, and saw 5 of its levels.

You collected 163 gold pieces.

Inventory:

Hand Weapons
 h - a +1 glaive of flaming (weapon)
Missiles
 p - 5 javelins (quivered)
Armour
 a - a +0 animal skin (worn)
Jewellery
 j - a +5 ring of evasion (left hand)
Talismans
 c - a beast talisman (active)
 d - a flux talisman
Wands
 n - a wand of polymorph (11)
Scrolls
 e - a scroll of identify
 f - a scroll of enchant armour {unknown}
 g - 2 scrolls of fear
 i - a scroll of immolation {unknown}
 l - a scroll of vulnerability {unknown}
 o - a scroll of enchant weapon {unknown}
 q - a scroll of torment {unknown}
 r - a scroll of revelation {unknown}
Potions
 b - a potion of lignification
 k - a potion of enlightenment
 m - a potion of attraction
 s - a potion of cancellation {unknown}


   Skills:
 + Level 2.4 Fighting
 + Level 2.6 Polearms
 + Level 2.7 Dodging
 + Level 0.6 Stealth
 * Level 6.3 Unarmed Combat
 + Level 4.1 Shapeshifting


You had 6 spell levels left.
You didn't know any spells.
Your spell library was empty.

Dungeon Overview and Level Annotations

Branches:
Dungeon (5/15)
 Temple: D:4-7

Altars:

Shops:
D:1 !


Innate Abilities, Weirdness & Mutations

You are a hulking beast.
Your limbs bulge with bestial killing power. (Slay +2)
You are too large for most types of armour.
You have a pair of small horns on your head.
You have tough skin. (AC +1)
You gain doubled healing and magic from potions.
Whenever you drink a healing potion, you attack all around you.


Message History

A gnoll comes into view. It is wielding a +0 flail.
The gnoll shouts!
A gnoll comes into view. It is wielding a +0 halberd.
A gnoll sergeant comes into view. It is wielding a +0 trident of flaming.
The gnoll shouts!
You slash the gnoll! You burn the gnoll.
You kill the gnoll!
You hear a shout!
The gnoll sergeant hits you from afar with a +0 trident of flaming!
The gnoll sergeant burns you.
Things that are here:
a +0 flail; a gnoll corpse A gnoll comes into view.
It is wielding a +0 whip.
The gnoll shouts!
You hear a shout! x2
The gnoll sergeant hits you with a +0 trident of flaming.
The gnoll sergeant burns you. The gnoll hits you but does no damage.
You hit the gnoll sergeant. You burn the gnoll sergeant.
The gnoll sergeant is lightly wounded.
The gnoll sergeant hits you with a +0 trident of flaming.
The gnoll sergeant burns you.
A gnoll comes into view. It is wielding a +0 spear.
The gnoll closely misses you. The gnoll sergeant barely misses you.
The gnoll misses you.
The gnoll moves out of view.
Okay, then.
You barely miss the gnoll sergeant.
The gnoll sergeant is lightly wounded.
The gnoll sergeant hits you with a +0 trident of flaming!
The gnoll sergeant burns you. The gnoll misses you.
The gnoll sergeant hits you with a +0 trident of flaming!
The gnoll sergeant burns you.
A gnoll comes into view. It is wielding a +0 club.
The gnoll hits you from afar with a +0 halberd!
* * * LOW HITPOINT WARNING * * *
You hit the gnoll sergeant. You burn the gnoll sergeant.
Your headbutt misses the gnoll sergeant.
The gnoll sergeant is lightly wounded.
The gnoll sergeant hits you with a +0 trident of flaming!
* * * LOW HITPOINT WARNING * * *
The gnoll sergeant burns you.
You die...

#...... #...... .
#...... .. #.....# ..g
#.....# .... #####
#.....# ..... '...#
#.....'
.....g###.########.....#
#ggh)......†.......#
######..#######.....
........ ..'.....
#######.##'##..... ...
....). ...........
........... ....#'#..


You could see a gnoll sergeant and 3 gnolls.

Vanquished Creatures
  2 black bears
  A scorpion (D:5)
  2 bombardier beetles
  2 hounds
  An orc priest (D:4)
  3 sleepcaps
  2 orc wizards (D:5)
  A gnoll (D:5)
  8 adders
  2 ufetubi (D:5)
  5 dart slugs
  7 orcs
  4 bats
  8 endoplasms
  3 giant cockroaches
  10 goblins
  9 hobgoblins
  9 jackals
  6 quokkas
  9 ball pythons
  5 frilled lizards
  5 kobolds
  5 rats
109 creatures vanquished.

Notes
Turn   | Place    | Note
-------+----------+-------------------------------------------
     0 | D:1      | Dorkslayer the Oni Shapeshifter began the quest for the
                  | Orb.
     0 | D:1      | Reached XP level 1. HP: 19/19 MP: 1/1
   103 | D:1      | Reached XP level 2. HP: 27/27 MP: 2/2
   163 | D:1      | Found Iceoz's Distillery.
   244 | D:1      | Reached skill level 3 in Unarmed Combat
   353 | D:1      | Reached XP level 3. HP: 33/33 MP: 3/3
  1074 | D:2      | Reached XP level 4. HP: 41/41 MP: 4/4
  1281 | D:2      | Reached skill level 4 in Unarmed Combat
  2093 | D:3      | Reached XP level 5. HP: 47/48 MP: 5/5
  2161 | D:3      | Found a faded altar of an unknown god.
  2807 | D:4      | Reached skill level 5 in Unarmed Combat
  2924 | D:4      | Noticed a black bear
  2992 | D:4      | Reached XP level 6. HP: 45/55 MP: 6/6
  3281 | D:4      | Killed a black bear
  3397 | D:4      | Reached skill level 6 in Unarmed Combat
  3562 | D:5      | Entered Level 5 of the Dungeon
  3574 | D:5      | Reached XP level 7. HP: 49/62 MP: 7/7
  3654 | D:5      | Reached skill level 1 in Polearms
  4130 | D:5      | HP: 1/64 [gnoll sergeant/+0 trident of flaming (9)]
  4130 | D:5      | Slain by a gnoll sergeant

Illustrated notes

Levels and vault maps discovered:
D:1:      amcnicky_arrival_flooded_fountain, layout_basic, serial_shops,
          nicolae_diamond_shop, st_stairs_4
D:2:      layout_loops_corners, serial_rivers, chequers_serial_rivers_micro_c,
          chequers_serial_rivers_marsh, chequers_serial_rivers_micro_c,
          chequers_serial_rivers_small_a, chequers_serial_rivers_large_b,
          chequers_serial_rivers_large_a
D:3:      layout_basic, shapermc_ecumenical_altar_acropolis
D:4:      layout_loops_corners
D:5:      layout_basic, lemuel_temple_firewalk_b, uniq_grinder

Skill      XL: |  1  2  3  4  5  6  7 |
---------------+----------------------+-----
Unarmed Combat | 3 4 5 6 |  6.3
Dodging        | 2 |  2.7
Polearms       | 2 |  2.6
Shapeshifting  | 4 |  4.1
Fighting       | 2 |  2.4
Stealth        | |  0.6

Action                     |  1- 3 |  4- 6 |  7- 9 || total
---------------------------+-------+-------+-------++-------
  Melee: Unarmed           |    79 |   138 |       ||   217
         Headbutt          |     4 |    18 |    10 ||    32
         Punch             |     3 |     2 |       ||     5
         Glaive            |       |    23 |    51 ||    74
    Use: Scroll            |       |     5 |       ||     5
         Potion            |       |     1 |     1 ||     2
 Armour: Animal skin       |    44 |    75 |    70 ||   189
  Dodge: Dodged            |    42 |   102 |    78 ||   222

Table legend: (Time is in decaauts)
 A = Elapsed time spent in this place.
 B = Non-inter-level travel time spent in this place.
 C = Inter-level travel time spent in this place.
 D = Time resting spent in this place.
 E = Time spent auto-exploring this place.
 F = Levels seen in this place.
 G = Mean time per level.
                   A        B        C        D        E       F      G
               +--------+--------+--------+--------+--------+-----+--------+
         Total |   4147 |   4147 |      0 |      0 |   2531 |   5 |  829.4 |
       Dungeon |   4147 |   4147 |      0 |      0 |   2531 |   5 |  829.4 |
               +--------+--------+--------+--------+--------+-----+--------+

Top non-repeatable levels by time:
     D:2: 1093 daAuts
     D:4: 915 daAuts
     D:1: 834 daAuts
     D:3: 698 daAuts
     D:5: 604 daAuts
